Map: Frost LE

Players

Kelazhur - Winner!

  • Race: Terran Terran
  • League: Master
  • Spawn Location: 11:00

ByRada

  • Race: Zerg Zerg
  • League: Grandmaster
  • Spawn Location: 5:00

Event: Copa América 2016 Grand Finals

VOD

Have the link to the VOD?

Description

Time

  • Played on: Oct. 14, 2016, 3:30 p.m.
  • Length: 9:49

All games in this series

Show
View Real Time Build Order
Export as new Build Order

Kelazhur Terran - Winner!

Build Orders: Reaper Expand, MMM Bio 

Get SALT Encoding   

  12  0:00  SCV  
  13  0:12  SCV  
  14  0:17  Supply Depot  
  14  0:25  SCV  
  15  0:38  SCV  
  15  0:39  Barracks  
  16  0:44  Refinery  
  16  0:50  SCV  
  17  1:03  SCV  
  18  1:15  SCV  
  19  1:26  Reaper  
  19  1:27  Orbital Command  
  20  1:40  Command Center  
  20  1:51  Barracks  
  20  1:54  SCV  
  21  1:59  Barracks Reactor  
  21  2:04  Supply Depot  
  21  2:07  SCV  
  22  2:13  Refinery  
  22  2:19  SCV  
  23  2:23  Factory  
  23  2:31  SCV  
  23  2:34  Marine x2  
  26  2:38  Barracks Tech Lab  
  26  2:45  SCV  
  27  2:52  Marine x2  
  27  2:54  Orbital Command  
  29  2:59  Stimpack  
  29  3:02  SCV  
  29  3:05  Marine  
  31  3:11  Marine x2  
  33  3:22  SCV  
  33  3:25  SCV  
  36  3:28  Marine  
  36  3:29  Marine  
  36  3:31  Starport, Factory Reactor  
  36  3:34  SCV  
  38  3:36  Marine  
  38  3:40  Supply Depot  
  39  3:42  SCV  
  39  3:48  Marine x2  
  42  3:49  SCV  
  42  3:54  Marine  
  43  3:56  SCV  
  43  4:01  SCV  
  45  4:03  Supply Depot  
  45  4:05  Marine  
  45  4:06  Marine  
  45  4:07  Supply Depot  
  45  4:09  SCV  
  48  4:13  Medivac, SCV  
  48  4:16  Medivac  
  48  4:17  Marine  
  54  4:24  Marine x2  
  54  4:25  SCV  
  54  4:29  Engineering Bay  
  57  4:33  Widow Mine  
  57  4:35  SCV  
  57  4:36  Marine  
  57  4:37  SCV  
  62  4:42  Marine x2  
  62  4:45  Supply Depot  
  64  4:51  SCV  
  65  4:54  Marine  
  65  4:55  Terran Infantry Weapons Level 1  
  65  4:58  SCV  
  67  5:00  Marine x2  
  67  5:02  Combat Shields  
  67  5:06  Supply Depot  
  69  5:08  SCV  
  69  5:12  Marine  
  71  5:18  Marine x2  
  71  5:19  Medivac x2  
  77  5:22  SCV  
  77  5:26  Command Center  
  77  5:27  SCV  
  79  5:30  Supply Depot  
  79  5:35  Engineering Bay  
  79  5:37  Refinery, SCV  
  76  5:43  Marine x3, SCV  
  76  5:48  Refinery  
  77  5:51  SCV  
  78  6:00  SCV  
  78  6:01  Marine x3  
  82  6:06  Terran Infantry Armor Level 1  
  82  6:07  Armory  
  82  6:12  SCV  
  82  6:14  SCV  
  82  6:16  Barracks  
  84  6:19  Marine x3  
  84  6:24  SCV  
  88  6:28  Liberator x2  
  89  6:32  SCV  
  89  6:35  Barracks  
  89  6:36  Barracks, Marine  
  89  6:37  Marine x2  
  92  6:40  Orbital Command  
  98  6:50  SCV  
  99  6:54  Marine x2  
  99  6:55  Marine  
  99  6:56  Terran Infantry Weapons Level 2  
  102  7:02  SCV  
  102  7:05  Barracks Reactor  
  103  7:11  SCV  
  103  7:12  Marine x3  
  107  7:22  SCV, Barracks Reactor  
  105  7:23  Barracks Reactor  
  105  7:25  SCV  
  106  7:34  SCV  
  107  7:38  Marine  
  107  7:42  Orbital Command  
  108  7:49  Marine  
  108  7:50  Marine x2  
  109  7:53  Marine, Supply Depot  
  109  7:58  Marine  
  109  8:02  SCV x2  
  108  8:07  Marine  
  108  8:09  Supply Depot  
  108  8:10  Supply Depot  
  108  8:11  Marine x7, Factory Reactor  
  116  8:14  SCV  
  116  8:15  Medivac x2  
  116  8:16  Marine  
  116  8:17  SCV  
  116  8:18  SCV  
  124  8:25  Marine  
  125  8:32  SCV  
  125  8:34  Marine x7  
  125  8:36  Marine  
  132  8:42  Barracks  
  132  8:43  Marine  
  132  8:44  Barracks x2, Supply Depot, SCV x2  
  132  8:45  Medivac x2  
  139  8:54  Supply Depot  
  134  9:01  Marine  
  134  9:02  Marine x6  
  141  9:05  Marine  
  141  9:06  Supply Depot, Marauder  
  144  9:15  Medivac x2, Supply Depot  
  141  9:20  Marine  
Show
View Real Time Build Order
Export as new Build Order

ByRada Zerg 

Build Orders: Hatch First 

Get SALT Encoding   

  12  0:02  Drone  
  13  0:08  Drone  
  14  0:17  Overlord  
  14  0:22  Extractor  
  14  0:24  Drone  
  16  0:35  Drone x2  
  17  0:53  Hatchery  
  17  0:56  Drone  
  17  0:59  Drone  
  17  1:01  Extractor  
  17  1:06  Drone  
  18  1:20  Spawning Pool  
  18  1:21  Drone  
  18  1:28  Drone  
  19  1:38  Overlord  
  19  2:06  Queen x2  
  19  2:07  Zergling x6  
  26  2:09  Metabolic Boost  
  26  2:13  Drone  
  27  2:18  Drone  
  28  2:23  Drone  
  29  2:30  Drone  
  29  2:33  Overlord  
  30  2:42  Extractor  
  29  2:47  Extractor  
  29  2:48  Queen  
  29  2:51  Queen  
  32  2:56  Drone x4  
  38  3:04  Drone  
  38  3:05  Drone  
  39  3:17  Spore Crawler  
  38  3:21  Spore Crawler  
  38  3:23  Drone x3  
  40  3:33  Hatchery, Zergling x2  
  40  3:34  Zergling x6  
  43  3:42  Overlord  
  43  3:47  Overlord  
  43  4:01  Overlord  
  43  4:02  Evolution Chamber, Drone x2  
  44  4:03  Drone x2  
  44  4:05  Drone x2  
  44  4:06  Drone x3  
  44  4:07  Extractor  
  50  4:13  Drone  
  51  4:18  Drone x2  
  53  4:32  Baneling Nest  
  53  4:34  Zergling x10  
  57  4:41  Zergling x6  
  57  4:42  Queen  
  62  4:45  Queen  
  64  4:57  Overlord  
  64  5:07  Zergling x2  
  64  5:08  Zergling x16  
  64  5:11  Overlord  
  69  5:25  Baneling  
  69  5:26  Baneling x4  
  68  5:28  Drone x2  
  68  5:29  Drone x4  
  68  5:34  Drone x2  
  76  5:37  Zerg Ground Armor Level 1  
  67  5:43  Drone x2  
  67  5:44  Queen  
  67  5:48  Drone x2  
  73  5:55  Drone x2  
  75  5:58  Roach Warren  
  75  6:03  Zergling x8  
  78  6:05  Hatchery, Lair  
  77  6:17  Zergling x10  
  81  6:39  Overlord  
  79  6:40  Overlord x2  
  79  6:43  Extractor  
  79  6:46  Evolution Chamber  
  77  6:49  Spore Crawler  
  77  6:52  Baneling x5  
  76  6:55  Overlord x2  
  76  6:57  Extractor x2  
  76  7:00  Zergling x18  
  76  7:01  Zergling x4  
  85  7:06  Infestation Pit  
  76  7:25  Zergling x2  
  76  7:26  Zergling x18  
  76  7:29  Zerg Melee Weapons Level 1  
  86  7:30  Drone  
  87  7:38  Drone x2  
  87  7:39  Drone x2  
  87  7:41  Drone x3, Queen  
  87  7:44  Hive  
  90  7:52  Drone x4  
  79  8:00  Drone x3  
  79  8:01  Drone  
  79  8:03  Queen  
  79  8:04  Spore Crawler  
  81  8:11  Baneling x4  
  81  8:13  Centrifical Hooks  
  81  8:15  Zergling x2  
  81  8:16  Zergling x14  
  89  8:25  Hatchery  
  85  8:33  Zergling x16  
  91  8:39  Baneling  
  91  8:40  Baneling  
  86  8:44  Zergling x2  
  86  8:45  Zergling x12  
  91  9:02  Drone x3  
  94  9:03  Drone  
  94  9:08  Ultralisk Cavern  
  74  9:20  Zergling x22  
Tags
 
Add a new tag
Caveats
  • Supply blocks, unpowered buildings, or Contaminate may cause inaccurate times.
  • Supply counts are checked every 10 seconds.